Map: Redshift LE

Players

wasp

  • Race: Protoss Protoss
  • League: Platinum
  • Spawn Location: 11:00

roadrider - Winner!

  • Race: Zerg Zerg
  • Spawn Location: 7:00

VOD

Have the link to the VOD?

Description

Time

  • Played on: June 11, 2018, 3:26 p.m.
  • Length: 4:44
Show
View Real Time Build Order
Export as new Build Order

wasp Protoss 

Build Orders: 1 Gate Expand 

Get SALT Encoding   

  12  0:00  Probe  
  13  0:13  Probe  
  14  0:21  Pylon  
  14  0:25  Probe  
  15  0:41  Probe  
  15  0:42  Gateway  
  15  0:49  Probe  
  17  0:59  Probe  
  18  1:12  Probe  
  19  1:24  Probe  
  19  1:25  Nexus  
  20  1:34  Cybernetics Core  
  20  1:37  Probe  
  21  1:42  Assimilator  
  21  1:47  Assimilator  
  21  1:56  Pylon  
  21  1:59  Probe  
  22  2:12  Probe  
  23  2:20  Gateway  
  23  2:21  Zealot  
  25  2:27  Warp Gate  
  25  2:31  Probe  
  25  2:33  Probe  
  26  2:39  Probe  
  26  2:41  Probe  
  27  2:47  Pylon  
  28  2:52  Robotics Facility  
  28  2:55  Probe  
  28  2:57  Probe  
  30  3:09  Shield Battery  
  30  3:16  Adept  
  30  3:17  Adept  
  30  3:19  Probe  
  35  3:20  Probe  
  36  3:29  Immortal  
  36  3:31  Probe  
  36  3:32  Probe  
  42  3:44  Probe x2  
  44  3:51  Stalker  
  46  4:01  Probe x2  
  48  4:04  Pylon  
  48  4:14  Probe x2  
Show
View Real Time Build Order
Export as new Build Order

roadrider Zerg - Winner!

Build Orders: Hatch First 

Get SALT Encoding   

  12  0:01  Drone  
  13  0:09  Drone  
  14  0:21  Overlord  
  14  0:43  Drone  
  14  0:47  Hatchery, Drone  
  15  0:51  Drone  
  15  0:56  Drone  
  17  1:05  Drone  
  17  1:11  Extractor  
  17  1:17  Spawning Pool  
  17  1:18  Drone  
  17  1:28  Drone  
  18  1:37  Drone  
  19  1:48  Hatchery  
  19  1:50  Drone  
  19  1:59  Overlord  
  19  2:07  Zergling x2  
  20  2:18  Queen  
  20  2:20  Zergling x2  
  23  2:30  Drone x3  
  26  2:39  Metabolic Boost  
  26  2:44  Queen  
  28  2:54  Baneling Nest  
  27  3:05  Zergling x6  
  29  3:06  Zergling x2  
  29  3:12  Overlord  
  31  3:19  Zergling x4  
  33  3:21  Zergling x2  
  35  3:27  Zergling x4  
  37  3:34  Zergling x6  
  37  3:36  Zergling x2  
  40  3:42  Zergling x6  
  40  3:47  Overlord  
  43  3:50  Baneling  
  43  3:51  Baneling x2  
  43  3:52  Baneling  
  43  3:54  Baneling  
  43  3:55  Baneling  
  38  4:27  Zergling x4  
Tags
 
Add a new tag
Caveats
  • Supply blocks, unpowered buildings, or Contaminate may cause inaccurate times.
  • Supply counts are checked every 10 seconds.